 Dungeon Crawl Stone Soup version 0.27-a0-1105-g946c659c87 (webtiles) character file.

Game seed: 16953683860775344246

217 kae the Chopper (level 5, -2/70 HPs)
             Began as a Hill Orc Fighter on Apr 29, 2021.
             Engulfed by a steam dragon's steam (14 damage)
             ... on level 3 of the Dungeon.
             The game lasted 00:01:36 (3120 turns).

kae the Chopper (Hill Orc Fighter)                  Turns: 3120, Time: 00:01:36

Health: -2/70      AC: 22    Str: 20    XL:     5   Next: 94%
Magic:  5/5        EV:  2    Int:  8    God:
Gold:   39         SH:  9    Dex: 10    Spells: 4/4 levels left

rFire    . . .     SeeInvis .   a - +0 war axe
rCold    . . .     Faith    .   c - +0 kite shield
rNeg     + + +     Spirit   .   (armour currently unavailable)
rPois    +         Reflect  .   (helmet currently unavailable)
rElec    .         Harm     .   (cloak currently unavailable)
rCorr    .         Rampage  .   (gloves currently unavailable)
Will     .....     NoTele   +   (boots currently unavailable)
Stlth    +.........             (no amulet)
HPRegen  0.21/turn              (no ring)
MPRegen  0.09/turn              (no ring)

@: tree-form
A: stationary, stasis, torment immunity, boosted hp
a: no special abilities


You were on level 3 of the Dungeon.
You were a tree.
You visited 1 branch of the dungeon, and saw 3 of its levels.

You collected 139 gold pieces.
You spent 100 gold pieces at shops.

Inventory:

Hand Weapons
 a - a +0 war axe (weapon)
Armour
 b - a +2 scale mail (melded)
 c - a +0 kite shield (worn)
Jewellery
 f - an amulet of regeneration
Scrolls
 g - 4 scrolls of identify
 i - a scroll of amnesia
Potions
 d - a potion of might
 e - a potion of lignification
 h - a potion of attraction


   Skills:
 + Level 4.7 Fighting
 * Level 5.4 Axes
 + Level 4.2 Armour
 + Level 1.8 Dodging
 - Level 3.2 Shields


You had 4 spell levels left.
You didn't know any spells.
Your spell library contained the following spells:

 Spells                   Type           Power      Damage    Failure   Level
 Animate Skeleton         Necr           0%         N/A       89%         1
 Apportation              Tloc           0%         N/A       89%         1
 Beastly Appendage        Tmut           0%         N/A       89%         1
 Corona                   Hex            0%         N/A       89%         1
 Summon Small Mammal      Summ           0%         N/A       89%         1
 Wereblood                Tmut           0%         N/A       96%         2
 Spider Form              Tmut/Pois      0%         N/A       99%         3
 Ice Form                 Ice/Tmut       0%         N/A       100%        4
 Hydra Form               Tmut           0%         N/A       100%        5


Dungeon Overview and Level Annotations

Branches:
Dungeon (3/15)

Altars:

Shops:
D:2 ?


Message History

The steam dragon claws you but does no damage.
The steam dragon breathes steam at you. The ball of steam hits you.
Your shield prevents you from hitting the steam dragon.
The steam dragon is heavily wounded.
The steam dragon bites you but does no damage.
The steam dragon claws you.
You hit the steam dragon but do no damage.
The steam dragon is heavily wounded.
The steam dragon bites you but does no damage.
The steam dragon claws you but does no damage.
The steam dragon bites you but does no damage.
The steam dragon claws you but does no damage.
You hit the steam dragon.
The steam dragon is severely wounded.
The steam dragon bites you but does no damage.
The steam dragon claws you but does no damage.
You closely miss the steam dragon.
The steam dragon is severely wounded.
The steam dragon bites you but does no damage.
The steam dragon claws you but does no damage.
You block the steam dragon's attack.
The steam dragon claws you but does no damage.
You hit the steam dragon but do no damage.
The steam dragon is severely wounded.
You block the steam dragon's attack.
The steam dragon claws you but does no damage.
You closely miss the steam dragon.
The steam dragon is severely wounded.
The steam dragon breathes steam at you. The ball of steam hits you!
* * * LOW HITPOINT WARNING * * *
The steam dragon bites you.
* * * LOW HITPOINT WARNING * * *
The steam dragon claws you.
* * * LOW HITPOINT WARNING * * *
You hit the steam dragon but do no damage.
The steam dragon is severely wounded.
You are engulfed in a cloud of scalding steam.
You die...

#.#.#....#.#..# #..#
#..... ..#.###.......#
#..# #####.
#.#.#<...#.##.# #..# #.
..#.#.#..#.##.# #### ##
#...#)......#.##
....#.......#..########
..#.###.....#.........#.
).#.....<...##...§.§...#
..########.####D♣§.§..#
.).........# #.#§...##
#..######### #..#####
#..# ##.# ...# .# ...#
.. #### #.


You could see a steam dragon (catching breath).

Vanquished Creatures
  Ijyb (D:3)
  Natasha (thrice) (D:2)
  Robin (D:1)
  4 adders
  A worm (D:2)
  2 dart slugs
  2 orcs (D:3)
  A bat (D:1)
  2 endoplasms
  3 giant cockroaches (D:1)
  16 goblins
  6 hobgoblins
  4 kobolds
  4 quokkas (D:1)
  3 ball pythons (D:3)
  3 frilled lizards
  7 rats
63 creatures vanquished.

Notes
Turn   | Place    | Note
-------+----------+-------------------------------------------
     0 | D:1      | kae the Hill Orc Fighter began the quest for the Orb.
     0 | D:1      | Reached XP level 1. HP: 19/19 MP: 1/1
    22 | D:1      | Reached skill level 3 in Axes
    59 | D:1      | Reached XP level 2. HP: 27/27 MP: 2/2
   722 | D:1      | Reached XP level 3. HP: 33/33 MP: 3/3
  1086 | D:2      | Noticed Robin
  1093 | D:2      | Reached skill level 1 in Dodging
  1098 | D:1      | Killed Robin
  1099 | D:1      | Reached skill level 4 in Axes
  1099 | D:1      | Reached XP level 4. HP: 10/40 MP: 4/4
  1534 | D:2      | Noticed Natasha
  1541 | D:2      | Killed Natasha
  1785 | D:2      | Found Qisuobbiu's Magic Scroll Shoppe.
  1913 | D:2      | Bought a scroll of identify for 20 gold pieces
  1913 | D:2      | Bought a scroll of identify for 20 gold pieces
  1913 | D:2      | Bought 3 scrolls of identify for 60 gold pieces
  2174 | D:2      | Noticed Natasha
  2183 | D:2      | Killed Natasha
  2184 | D:2      | Reached XP level 5. HP: 37/47 MP: 5/5
  2205 | D:2      | Noticed Natasha
  2221 | D:2      | Killed Natasha
  2222 | D:2      | Reached skill level 5 in Axes
  2569 | D:3      | Noticed Ijyb
  2603 | D:3      | Killed Ijyb
  3104 | D:3      | Noticed a steam dragon
  3120 | D:3      | Engulfed by a steam dragon's steam

Illustrated notes

Levels and vault maps discovered:
D:1:      scummos_arrival_star, layout_basic
D:2:      layout_loops_ring, serial_shops, nicolae_shop_trees,
          amcnicky_mini_corridor_feature, uniq_robin, uniq_natasha
D:3:      layout_basic, minmay_misc_feat_chi, uniq_crazy_yiuf_cottage, uniq_ijyb

Skill      XL: |  1  2  3  4  5 |
---------------+----------------+-----
Axes           | 3 4 5 |  5.4
Fighting       | 4 |  4.7
Dodging        | 1 |  1.8
Armour         | 4 |  4.2
Shields        | |  3.2

Action                   |  1- 3 |  4- 6 || total
-------------------------+-------+-------++-------
Melee: War axe           |    81 |   144 ||   225
  Use: Scroll            |       |     5 ||     5
       Potion            |       |     1 ||     1
Armor: Scale mail        |    43 |    88 ||   131
       Skin              |       |    20 ||    20
Dodge: Dodged            |    27 |    36 ||    63
Block: Kite shield       |    53 |    71 ||   124

Table legend: (Time is in decaauts)
 A = Elapsed time spent in this place.
 B = Non-inter-level travel time spent in this place.
 C = Inter-level travel time spent in this place.
 D = Time resting spent in this place.
 E = Time spent auto-exploring this place.
 F = Levels seen in this place.
 G = Mean time per level.
                   A        B        C        D        E       F      G
               +--------+--------+--------+--------+--------+-----+--------+
         Total |   3238 |   3206 |     32 |      0 |   2674 |   3 | 1079.3 |
       Dungeon |   3238 |   3206 |     32 |      0 |   2674 |   3 | 1079.3 |
               +--------+--------+--------+--------+--------+-----+--------+

Top non-repeatable levels by time:
     D:1: 1361 daAuts
     D:2: 1215 daAuts
     D:3: 661 daAuts
